 Dungeon Crawl Stone Soup version 0.20.0-8-g6b59dc7 (webtiles) character file.

88 miragecloak the Changer (level 4, 0/28 HPs)
             Began as an Octopode Transmuter on June 2, 2017.
             Killed from afar by dorian's ghost (7 damage)
             ... with a flame tongue
             ... on level 3 of the Dungeon.
             The game lasted 00:01:32 (2512 turns).

miragecloak the Changer (Octopode Transmuter)       Turns: 2512, Time: 00:01:33

Health: 0/28       AC:  1    Str:  9    XL:     4   Next: 54%
Magic:  4/7        EV: 13    Int: 15    God:
Gold:   219        SH:  0    Dex: 13    Spells: 3/7 levels left

rFire    . . .     SeeInvis .     - Unarmed
rCold    . . .     Gourm    .   (no shield)
rNeg     . . .     Faith    .   (helmet restricted)
rPois    .         Spirit   .   (no amulet)
rElec    .         Reflect  .   (no ring)
rCorr    .         Harm     .   (no ring)
MR       .....                  (no ring)
Stlth    ++........             (no ring)
Regen    0.1/turn               (no ring)
MPRegen  0.1/turn               (no ring)
                                (no ring)
                                (no ring)

@: lethally poisoned (0 -> -8)
A: almost no armour, stealthy swim, amphibious, 8 rings, constrict 8, camouflage
1, gelatinous body 1
a: no special abilities


You were on level 3 of the Dungeon.
You were not hungry.

You visited 1 branch of the dungeon, and saw 3 of its levels.

You collected 219 gold pieces.

Inventory:

Missiles
 a - 35 arrows
Scrolls
 e - 3 scrolls of teleportation {unknown}
 g - a scroll of recharging {unknown}
 h - 4 scrolls of identify {unknown}
 k - 2 scrolls of remove curse {unknown}
 n - a scroll of magic mapping {unknown}
 o - 2 scrolls of immolation {unknown}
Potions
 d - 2 potions of mutation {unknown}
 f - a potion of cancellation {unknown}
 i - a potion of invisibility {unknown}
 j - a potion of lignification {unknown}
 l - 2 potions of flight {unknown}
 m - a potion of degeneration {unknown}
Books
 b - a book of Changes

   Spells                             Type                      Level
   a - Beastly Appendage              Transmutation                1
   b - Sticks to Snakes               Transmutation                2
   c - Spider Form                    Transmutation/Poison         3
   d - Ice Form                       Ice/Transmutation            4
   e - Blade Hands                    Transmutation                5
Comestibles
 c - a meat ration


   Skills:
 - Level 1.0 Fighting
 - Level 2.0 Dodging
 - Level 3.0 Unarmed Combat
 - Level 2.0 Spellcasting
 + Level 3.8 Transmutations
 * Level 2.7 Poison Magic


You had 3 spell levels left.
You knew the following spells:

 Your Spells              Type           Power        Failure   Level  Hunger
a - Beastly Appendage     Tmut           ##....       4%          1    #......
b - Spider Form           Tmut/Pois      ##........   17%         3    ###....


Dungeon Overview and Level Annotations

Branches:
Dungeon (3/15)

Altars:

Annotations:
D:3 dorian's ghost, amateur OpFE


Innate Abilities, Weirdness & Mutations

You cannot wear most types of armour.
You are very stealthy in the water. (Stealth+)
You are amphibious.
You can wear up to eight rings at the same time.
You can use your tentacles to constrict eight enemies at once.
Your skin changes colour to match your surroundings (Stealth+).
Your rubbery body absorbs attacks. (AC +1, EV +1)


Message History

Dorian's ghost casts a spell at you. The flame tongue hits you!
The hobgoblin misses you.
You are too injured to fight recklessly!
You are too injured to fight recklessly!
You are too injured to fight recklessly!
There is a lethal amount of poison in your body!
There is a lethal amount of poison in your body!
There is a lethal amount of poison in your body!
You see here a hobgoblin corpse.
* * * LOW HITPOINT WARNING * * *
You feel sick.
* * * LOW HITPOINT WARNING * * *
You feel sick.
Your transformation has ended.
* * * LOW HITPOINT WARNING * * *
You feel sick.
Dorian's ghost shrieks, "Death is your only future!"
Dorian's ghost stares at you and mumbles some strange words.
The flame tongue hits you!
You die...

######## #......#
########### #.####.#
#.......... #.# #.####
#.......... #.# #....#
#..)....... #.# ####.#
####g......... #.### #.#
#.@.W†........ #...# #.#
#.##..........
###.#####.####.##..........
#............######......
#.......###### .....#
#(......# ....# ##
#.......# ....# >#
#.......# .### .# #.......#
<#


You could see dorian's ghost and a hobgoblin.

Vanquished Creatures
  A howler monkey (D:2)
  An ooze (D:2)
  A worm (D:2)
  2 dart slugs
  2 leopard geckos (D:1)
  A ball python (D:2)
  3 bats
  A giant cockroach (D:3)
  4 goblins
  4 hobgoblins
  5 kobolds
  A quokka (D:2)
  4 frilled lizards
  7 rats
37 creatures vanquished.

Notes
Turn   | Place    | Note
-------+----------+-------------------------------------------
     0 | D:1      | miragecloak the Octopode Transmuter began the quest for the Orb.
     0 | D:1      | Reached XP level 1. HP: 13/13 MP: 3/3
    79 | D:1      | Reached XP level 2. HP: 8/18 MP: 3/5
  1420 | D:2      | Reached XP level 3. HP: 23/23 MP: 4/6
  1560 | D:2      | Learned a level 3 spell: Spider Form
  1629 | D:2      | Reached skill level 1 in Poison Magic
  1874 | D:2      | Reached XP level 4. HP: 11/28 MP: 3/7
  2501 | D:3      | Noticed dorian's ghost (amateur OpFE)
  2512 | D:3      | Killed from afar by dorian's ghost

Skill      XL: |  1  2  3 |
---------------+----------+-----
Transmutations | 3 |  3.8
Poison Magic   | 2 |  2.7
Fighting       | |  1.0
Dodging        | |  2.0
Unarmed Combat | |  3.0
Spellcasting   | |  2.0

Action                   |  1- 3 |  4- 6 || total
-------------------------+-------+-------++-------
Melee: Unarmed           |    73 |    15 ||    88
       Tentacles         |    14 |       ||    14
       Constrict         |    18 |       ||    18
       Kick              |     7 |       ||     7
 Cast: Beastly Appendage |    16 |       ||    16
       Spider Form       |     4 |     5 ||     9
 Stab: Sleeping          |     4 |     1 ||     5
  Eat: Chunk             |     3 |       ||     3
       Bread ration      |       |     1 ||     1
Armor: Skin              |     3 |     2 ||     5
Dodge: Dodged            |    41 |    13 ||    54
